 Dungeon Crawl Stone Soup version 0.19.1 (webtiles) character file.

6395 Jerry the Grappler (level 10, -1/153 HPs)
             Began as a Troll Monk on Nov 21, 2016.
             Slain by an eight-headed hydra (6 damage)
             ... on level 9 of the Dungeon on Dec 9, 2016.
             The game lasted 00:28:44 (7707 turns).

Jerry the Grappler (Troll Monk)                     Turns: 7707, Time: 00:28:47

Health: -1/153     AC: 25    Str: 21    XL:     10   Next: 66%
Magic:  18/18      EV:  1    Int:  6    God:
Gold:   546        SH:  0    Dex: 15    Spells: 1 memorised, 8 levels left

rFire  . . .     SeeInvis .       - Unarmed
rCold  . . .     Gourm    +     (armour currently unavailable)
rNeg   + + +     Faith    .     (no shield)
rPois  +         Spirit   .     (helmet currently unavailable)
rElec  .         Reflect  .     (cloak currently unavailable)
rCorr  .         Harm     .     (gloves unavailable)
MR     .....     NoTele   +     (boots unavailable)
Stlth  ++........               (no amulet)
                                (no ring)
                                C - ring of magical power

@: tree-form
A: unfitting armour, (claws 0), fast metabolism 3, gourmand, regeneration 1,
(shaggy fur 0), (tough skin 0)
a: no special abilities


You were on level 9 of the Dungeon.
You were completely stuffed.
You were a tree.
You visited 2 branches of the dungeon, and saw 10 of its levels.

You collected 546 gold pieces.

Inventory:

Missiles
 x - 5 large rocks (quivered)
Armour
 a - a +1 robe
 I - a +0 troll leather armour (melded)
Jewellery
 C - a ring of magical power (left branch)
Wands
 A - a wand of disintegration (13/24)
 D - a wand of flame (20/48)
 E - a wand of slowing (13/48)
 F - a wand of confusion (11/48)
Scrolls
 d - 2 scrolls of amnesia
 f - a scroll of identify
 i - a scroll of fear
 l - 2 scrolls of fog
 s - 5 scrolls of remove curse
 t - 2 scrolls of teleportation
 v - 2 scrolls of enchant weapon
 B - a scroll of immolation {unknown}
 H - a scroll of enchant armour
Potions
 e - a potion of resistance
 o - 3 potions of invisibility
 p - 2 potions of brilliance {unknown}
 q - a potion of haste {unknown}
 r - 2 potions of ambrosia {unknown}
 z - a potion of berserk rage {unknown}
 G - a potion of curing {unknown}
Books
 n - a book of Clouds

   Spells                             Type                      Level
   a - Mephitic Cloud                 Conjuration/Poison/Air       3
   b - Conjure Flame                  Conjuration/Fire             3
   c - Poisonous Cloud                Conjuration/Poison/Air       6
   d - Freezing Cloud                 Conjuration/Ice/Air          6
   e - Ring of Flames                 Charms/Fire                  7
 u - a book of Changes

   Spells                             Type                      Level
   a - Beastly Appendage              Transmutation                1
   b - Sticks to Snakes               Transmutation                2
   c - Spider Form                    Transmutation/Poison         3
   d - Ice Form                       Ice/Transmutation            4
   e - Blade Hands                    Transmutation                5
 y - a book of Maledictions

   Spells                             Type                      Level
   a - Corona                         Hexes                        1
   b - Ensorcelled Hibernation        Hexes/Ice                    2
   c - Confuse                        Hexes                        3
   d - Tukima's Dance                 Hexes                        3
   e - Dazzling Spray                 Conjuration/Hexes            3
Comestibles
 b - 7 bread rations
 c - a fruit
 g - a slice of pizza
 h - 18 chunks of flesh
 m - 9 beef jerkies
 w - 3 meat rations
 J - 9 royal jellies


   Skills:
 + Level 7.2 Fighting
 + Level 2.2 Armour
 - Level 6.5 Dodging
 - Level 1.0 Stealth
 * Level 11.9 Unarmed Combat


You had 8 spell levels left.
You knew the following spells:

 Your Spells              Type           Power        Failure   Level  Hunger
a - Beastly Appendage     Tmut           #.....       52%         1    ##.....


Dungeon Overview and Level Annotations

Branches:
Dungeon (9/15)             Temple (1/1) D:5
   Lair: D:8-11         Orc: D:9-12

Altars:
Ashenzari
Cheibriados
Dithmenos
Elyvilon
Fedhas
Gozag
Hepliaklqana
Kikubaaqudgha
Makhleb
Nemelex Xobeh
Okawaru
Qazlal
Ru
Sif Muna
Trog
Uskayaw
Vehumet
Xom
Yredelemnul
Zin
The Shining One

Shops:
D:8 ??%?


Innate Abilities, Weirdness & Mutations

You are too large for most types of armour.
((You have claws for hands.))
Your metabolism is lightning-fast.
You like to eat raw meat.
Your natural rate of healing is unusually fast.
((You are covered in fur. (AC +1)))
((You have very tough skin. (AC +2)))


Message History

* * * LOW HITPOINT WARNING * * *
The eight-headed hydra bites you but does no damage. x2
Evoke which item? (* to show all) (? for menu, Esc to quit)
Zapping:
D - a wand of flame {zapped: 8} (will waste charges)
Press: ? - help, Shift-Dir - straight line, f/p - eight-headed hydra
Aim: an eight-headed hydra (lightly wounded)
The puff of flame hits the eight-headed hydra.
The eight-headed hydra is moderately wounded.
Evoking this partially-identified wand wasted a few charges.
The eight-headed hydra bites you but does no damage.
The eight-headed hydra bites you.
* * * LOW HITPOINT WARNING * * *
The eight-headed hydra bites you but does no damage.
The eight-headed hydra bites you.
* * * LOW HITPOINT WARNING * * *
The eight-headed hydra bites you.
* * * LOW HITPOINT WARNING * * *
The eight-headed hydra bites you but does no damage.
The eight-headed hydra bites you.
You die...

######.#####..#
#...#(#...#..#
#.#.#.#.#.#÷.# ###
#.#...#...#..# #..
#.#...#...#..# #..
#.#.#.#.#.#..# ####..
#...#...#.#..# #.....
#...#...#.#..####.....
#.#.#♣#.#.#..÷........
#...#D#...#..#........
#####y#####..#........
#.........#.##.......#
#..######.#.##.......#
#.#.###.#.#.##.......#
#.##.#.##.#.##.......#
.. ##.###.#.##.......#
.#.##.#.##.#..........#


You could see an eight-headed hydra and a hornet.

Vanquished Creatures
  The ghost of Zeloya the Basher, a novice KoGl of Yredelemnul (D:7)
  A troll (D:9)
  A hornet (D:9)
  A wyvern (D:9)
  8 yaks (D:9)
  2 soldier ants
  4 orc warriors
  2 ice beasts
  2 black bears
  4 necrophages
  4 ogres
  3 centaurs
  A big kobold (D:9)
  Blork the orc (D:4)
  3 bullfrogs
  A scorpion (D:8)
  2 wights
  4 howler monkeys
  3 electric eels (D:6)
  4 bullfrog zombies
  2 centaur zombies
  3 crimson imps
  7 hounds
  3 jellies
  2 orc priests (D:5)
  5 orc wizards
  3 bullfrog skeletons
  An iguana (D:5)
  11 worker ants
  A killer bee zombie (D:9)
  A hound zombie (D:8)
  A hound skeleton (D:5)
  4 mummies
  A howler monkey zombie (D:8)
  4 gnolls
  12 adders
  3 shadow imps
  2 oozes
  3 worms
  2 dart slugs
  3 leopard geckos
  45 orcs
  6 bats
  8 giant cockroaches
  8 goblins
  7 hobgoblins
  14 jackals
  3 quokkas
  2 ball pythons (D:2)
  6 frilled lizards
  3 hobgoblin zombies (D:5)
  4 kobolds
  A leopard gecko skeleton (D:5)
  A leopard gecko zombie (D:8)
  An orc zombie (D:5)
  7 rats
242 creatures vanquished.

Notes
Turn   | Place    | Note
-------+----------+-------------------------------------------
     0 | D:1      | Jerry the Troll Monk began the quest for the Orb.
     0 | D:1      | Reached XP level 1. HP: 22/22 MP: 0/0
   149 | D:1      | Reached XP level 2. HP: 29/29 MP: 1/1
   162 | D:1      | Found a shattered altar of Ashenzari.
   773 | D:2      | Upgraded the game from 0.19.0-24-gb05acd6 to 0.19.1
   773 | D:2      | Reached XP level 3. HP: 27/36 MP: 2/2
  1103 | D:2      | Reached skill level 4 in Unarmed Combat
  1104 | D:2      | Reached XP level 4. HP: 43/44 MP: 3/3
  1546 | D:2      | Found a glowing silver altar of Zin.
  1559 | D:2      | Found a radiant altar of Vehumet.
  1804 | D:2      | Reached XP level 5. HP: 49/53 MP: 4/4
  2023 | D:3      | Reached skill level 5 in Unarmed Combat
  2561 | D:4      | Noticed Blork the orc
  2572 | D:4      | Killed Blork the orc
  2572 | D:4      | Reached XP level 6. HP: 44/61 MP: 5/5
  2606 | D:4      | Found a shadowy altar of Dithmenos.
  2609 | D:4      | Found a snail-covered altar of Cheibriados.
  2619 | D:4      | Found an ancient bone altar of Kikubaaqudgha.
  2622 | D:4      | Found an opulent altar of Gozag.
  3332 | D:5      | Entered Level 5 of the Dungeon
  3457 | D:5      | Reached skill level 6 in Unarmed Combat
  3497 | D:5      | Found a staircase to the Ecumenical Temple.
  3521 | Temple   | Entered the Ecumenical Temple
  3704 | D:5      | Reached XP level 7. HP: 64/68 MP: 6/6
  4094 | D:5      | Reached skill level 7 in Unarmed Combat
  4461 | D:5      | Reached XP level 8. HP: 46/79 MP: 7/7
  4692 | D:6      | Reached skill level 8 in Unarmed Combat
  4770 | D:6      | Reached skill level 5 in Fighting
  5060 | D:5      | Reached skill level 5 in Dodging
  5078 | D:5      | Reached skill level 9 in Unarmed Combat
  5446 | D:7      | Noticed Zeloya's ghost (novice KoGl)
  5491 | D:7      | Reached XP level 9. HP: 83/88 MP: 8/8
  5522 | D:7      | Killed Zeloya's ghost
  5746 | D:8      | Found Daaloerr's Food Shop.
  5755 | D:8      | Learned a level 1 spell: Beastly Appendage
  5809 | D:8      | Found a shimmering altar of Xom.
  5824 | D:8      | Found Sorghyawi's Magic Scroll Shop.
  5833 | D:8      | Found Nenudun's Magic Scroll Emporium.
  5891 | D:8      | Found Kanemoj's Magic Scroll Boutique.
  5914 | D:8      | Reached skill level 10 in Unarmed Combat
  6907 | D:9      | Reached XP level 10. HP: 100/100 MP: 9/9
  6999 | D:8      | Reached skill level 11 in Unarmed Combat
  7406 | D:9      | Paralysed by a hornet for 1 turns
  7493 | D:9      | Reached skill level 1 in Armour
  7694 | D:9      | Noticed an eight-headed hydra
  7705 | D:9      | HP: 6/151 [eight-headed hydra (2)]
  7707 | D:9      | Slain by an eight-headed hydra

Skill      XL: |  1  2  3  4  5  6  7  8  9 10 |
---------------+-------------------------------+-----
Unarmed Combat | 4 5 6 7 9 10 11 | 11.9
Fighting       | 3 4 5 6 7 |  7.2
Dodging        | 3 4 5 6 |  6.5
Armour         | 2 |  2.2
Stealth        | |  1.0

Action                   |  1- 3 |  4- 6 |  7- 9 | 10-12 || total
-------------------------+-------+-------+-------+-------++-------
Melee: Unarmed           |    60 |   261 |   307 |   134 ||   762
       Punch             |     3 |     4 |    11 |     9 ||    27
Throw: Large rock        |       |       |     8 |       ||     8
Evoke: Wand              |       |       |       |     5 ||     5
  Use: Scroll            |       |    12 |     5 |       ||    17
       Potion            |       |       |     2 |     2 ||     4
 Stab: Sleeping          |     2 |     2 |     4 |     1 ||     9
  Eat: Chunk             |    13 |    26 |    30 |     8 ||    77
Armor: Robe              |    16 |    79 |    59 |    13 ||   167
       Skin              |       |       |       |    31 ||    31
       Troll leather arm |       |       |       |    18 ||    18
Dodge: Dodged            |    26 |   124 |   147 |    97 ||   394
